General information
- name: BNet
- type: Ladder 1vs1/FFA
- host: Battle.net
- saver: 7.13
map: TurtleRock
- players: 2
- length: 26:33
- speed: Fast
- version: 1.24 W3XP
- replay type: Public
» download(66 KB)
Players
team 1 (loser)
LeiaOrgonaS (
pink | 18 APM | 462 actions | 26:17)
1 Paladin
1 Devotion Aura
1 Archmage
1 Blizzard
» actions
| Basic commands | 4 | |
| Build / train | 77 | |
| Enter build submenu | 29 | |
| Enter hero's abilities submenu | 2 | |
| Right click | 93 | |
| Select / deselect | 220 | |
| Use ability | 37 | |
462 total
» units
| Peasant | 14 | |
| Rifleman | 6 | |
| Priest | 5 | |
| Siege Engine | 11 | |
| Knight | 10 | |
46 total
» upgrades
| Gunpowder | 1 | |
| Swords | 1 | |
| Armor | 1 | |
| Plating | 1 | |
| Masonry | 4 | |
| Lumber Harvesting | 2 | |
| Long Rifles | 2 | |
| Barrage | 1 | |
| Magic Sentry | 1 | |
| Animal War Training | 1 | |
15 total
» buildings
| Lumber Mill | 1 | |
| Farm | 16 | |
| Altar of Kings | 1 | |
| Blacksmith | 1 | |
| Barracks | 1 | |
| Scout Tower | 4 | |
| Guard Tower | 5 | |
| Keep | 1 | |
| Castle | 1 | |
| Arcane Sanctum | 1 | |
| Workshop | 1 | |
| Town Hall | 1 | |
34 total
» build order
00:23 Lumber Mill
00:40 Farm
00:56 Altar of Kings
01:29 Blacksmith
01:40 Barracks
01:48 Farm
02:15 Farm
02:37 Farm
04:07 Scout Tower
04:33 Guard Tower
04:34 Guard Tower
04:34 Guard Tower
04:39 Scout Tower
05:03 Farm
05:11 Scout Tower
05:27 Scout Tower
05:55 Guard Tower
06:10 Farm
06:18 Farm
06:21 Guard Tower
06:52 Farm
07:08 Keep
07:57 Farm
08:37 Farm
09:21 Farm
09:30 Castle
10:05 Arcane Sanctum
10:43 Farm
11:38 Workshop
14:26 Farm
14:34 Farm
19:58 Farm
20:00 Farm
21:57 Town Hall
team 2 (winner)
7.13 (
red | 59 APM | 1575 actions | 26:33)
5 Blademaster
2 Wind Walk
3 Critical Strike
6 Goblin Alchemist
3 Acid Bomb
2 Healing Spray
1 Transmute
» actions
| Assign group hotkey | 41 | |
| Basic commands | 114 | |
| Build / train | 68 | |
| ESC pressed | 1 | |
| Enter build submenu | 37 | |
| Enter hero's abilities submenu | 11 | |
| Give item / drop item | 9 | |
| Right click | 677 | |
| Select / deselect | 266 | |
| Select group hotkey | 218 | |
| Use ability | 133 | |
1575 total
» units
| Peon | 14 | |
| Wind Rider | 4 | |
| Troll Witch Doctor | 1 | |
| Raider | 3 | |
22 total
» upgrades
| Ranged Weapons | 3 | |
| Witch Doctor Training | 2 | |
| Armor | 2 | |
| Ensnare | 1 | |
| Envenomed Spears | 1 | |
| Liquid Fire | 1 | |
| Melee Weapons | 1 | |
| Shaman Training | 1 | |
| Pillage | 1 | |
13 total
» buildings
| Altar of Storms | 1 | |
| Orc Burrow | 7 | |
| Voodoo Lounge | 1 | |
| War Mill | 1 | |
| Watch Tower | 24 | |
| Stronghold | 1 | |
| Beastiary | 4 | |
| Spirit Lodge | 1 | |
| Fortress | 1 | |
| Great Hall | 2 | |
43 total
» build order
00:05 Altar of Storms
00:18 Orc Burrow
00:37 Voodoo Lounge
01:20 Orc Burrow
01:37 War Mill
02:53 Watch Tower
02:54 Watch Tower
03:00 Watch Tower
03:59 Stronghold
04:02 Watch Tower
04:24 Watch Tower
04:26 Watch Tower
05:21 Orc Burrow
06:21 Beastiary
06:25 Beastiary
08:24 Orc Burrow
09:41 Spirit Lodge
10:24 Fortress
11:45 Watch Tower
11:46 Watch Tower
11:47 Watch Tower
12:59 Great Hall
13:05 Watch Tower
13:05 Watch Tower
13:07 Watch Tower
13:07 Watch Tower
13:08 Watch Tower
13:09 Watch Tower
13:34 Orc Burrow
17:15 Orc Burrow
18:09 Beastiary
19:29 Beastiary
22:33 Great Hall
22:36 Watch Tower
22:37 Watch Tower
22:37 Watch Tower
22:38 Watch Tower
22:39 Watch Tower
22:40 Watch Tower
23:25 Orc Burrow
23:43 Watch Tower
23:44 Watch Tower
23:45 Watch Tower
» items
| Healing Salve | 5 | |
| Lesser Clarity Potion | 5 | |
| Boots of Speed | 1 | |
| Potion of Healing | 2 | |
| Orb of Lightning | 1 | |
| Periapt of Vitality | 1 | |
| Scroll of Healing | 1 | |
| Potion of Lesser Invulnerability | 1 | |
| Staff of Teleportation | 1 | |
18 total
Chat log
(01:30 / All) 7.13: no barracks?
(01:52 / All) 7.13: sounds fun
(03:17 / All) 7.13: ok gave you plenty of time to get ready
(13:45 / All) 7.13: you ever think about creeping?
(13:50 / All) LeiaOrgonaS: lol yes
(13:55 / All) 7.13: what did you think about it
(14:11 / All) LeiaOrgonaS: i would if i new u went going to jump my base the minute i did
(14:18 / All) 7.13: put defenses?
(14:32 / All) 7.13: a siege mentality is ultimately self defeating
(14:54 / All) 7.13: i mean you still dont even have magic sentry
(15:06 / All) LeiaOrgonaS: yes i do
(15:11 / All) 7.13: but no arcanes
(15:13 / All) 7.13: so whats the point
(15:19 / All) LeiaOrgonaS: dont need them
(15:21 / All) 7.13: lol
(15:29 / All) 7.13: no magic sentry
(15:38 / All) 7.13: if you did
(15:41 / All) 7.13: you could see my blademaster
(15:45 / All) 7.13: jerking off in your base
(16:14 / All) 7.13: whatre those priests for?
(16:27 / All) LeiaOrgonaS: my sanity
(16:33 / All) 7.13: hows it workin out for ya
(16:40 / All) LeiaOrgonaS: not good thanks
(18:43 / All) 7.13: all those siege engines done yet?
(20:16 / All) 7.13: thats a lotta knights
(20:22 / All) 7.13: you worried about upkeep?
(20:28 / All) LeiaOrgonaS: no
(20:32 / All) 7.13: so when they all die
(20:35 / All) 7.13: youll just qq?
(20:48 / All) LeiaOrgonaS: probaply
(20:50 / All) 7.13: hmm
(21:11 / All) 7.13: kinda boring
(22:51 / All) 7.13: glad you took my advice but next time send an escort
(24:20 / All) 7.13: not sending the rest of your units?
(24:23 / All) LeiaOrgonaS: thats fay
(24:30 / All) 7.13: what is?
(24:43 / All) LeiaOrgonaS: what ever stunned my units
(24:46 / All) 7.13: you mean
(24:49 / All) 7.13: my stun ward?
(24:58 / All) 7.13: you need to learn what units actually do what
(25:04 / All) 7.13: like...play against the computer or something
(25:22 / All) LeiaOrgonaS: lol ur level 8 im 18 i kno how to play im lettin my kid try
(25:31 / All) 7.13: lol
(25:33 / All) 7.13: sure
(25:37 / All) LeiaOrgonaS: im serious
(25:52 / All) 7.13: heard all kinds of face saving
(26:04 / All) 7.13: but the fact that you think level, and not record, matters is the funniest